 Dungeon Crawl Stone Soup version 0.28-a0-1629-gf728b707aa (webtiles) character file.

Game seed: 4267617041770685160

34 avis the Chopper (level 3, -1/33 HPs)
             Began as a Hill Orc Monk on Jan 25, 2022.
             Slain by a scorpion (7 damage)
             ... on level 2 of the Dungeon.
             The game lasted 00:04:05 (1447 turns).

avis the Chopper (Hill Orc Monk)                    Turns: 1447, Time: 00:04:06

Health: -1/33      AC:  6    Str: 15    XL:     3   Next: 31%
Magic:  3/3        EV: 10    Int: 10    God:
Gold:   59         SH:  0    Dex: 13    Spells: 2/2 levels left

rFire   . . .      SeeInvis .   a - +0 hand axe
rCold   . . .      Faith    .   (no shield)
rNeg    . . .      Spirit   .   m - +0 scale mail
rPois   .          Reflect  .   (no helmet)
rElec   .          Harm     .   (no cloak)
rCorr   .          Rampage  .   (no gloves)
Will    .....                   (no boots)
Stlth   ..........              (no amulet)
HPRegen 0.11/turn               (no ring)
MPRegen 0.08/turn               (no ring)

@: lethally poisoned (-1 -> -3)
A: no striking features
a: no special abilities


You were on level 2 of the Dungeon.
You visited 1 branch of the dungeon, and saw 2 of its levels.

You collected 59 gold pieces.

Inventory:

Hand Weapons
 a - a +0 hand axe (weapon)
Missiles
 d - 64 stones (quivered)
 e - 18 sling bullets
 g - 21 arrows
Armour
 m - a +0 scale mail (worn)
Scrolls
 c - a scroll of identify {unknown}
 h - a scroll of noise {unknown}
 i - 2 scrolls of teleportation {unknown}
Potions
 f - a potion of magic {unknown}
 j - a potion of resistance {unknown}
 k - a potion of heal wounds {unknown}
 l - 2 potions of attraction


   Skills:
 - Level 3.8 Fighting
 + Level 5.2 Axes
 - Level 2.5 Dodging
 - Level 1.8 Stealth


You had 2 spell levels left.
You didn't know any spells.
Your spell library contained the following spells:

 Spells                   Type           Power      Damage    Failure   Level
 Frozen Ramparts          Ice            0%         1d2       99%         3
 Ice Form                 Ice/Tmut       0%         N/A       100%        4
 Summon Ice Beast         Ice/Summ       0%         N/A       100%        4


Dungeon Overview and Level Annotations

Branches:
Dungeon (2/15)

Altars:
Fedhas


Message History

The endoplasm hits you.
You hit the endoplasm.
You kill the endoplasm!
You start resting.
HP restored.
A scorpion comes into view.
The scorpion stings you but does no damage.
You hit the scorpion but do no damage. The scorpion closely misses you.
You barely miss the scorpion. The scorpion barely misses you.
You barely miss the scorpion. The scorpion stings you!
You are poisoned.
The scorpion poisons you!
You hit the scorpion.
The scorpion is moderately wounded.
You feel very sick. The scorpion stings you. x2
You hit the scorpion.
The scorpion is moderately wounded.
You feel sick.
The scorpion stings you but does no damage.
You hit the scorpion.
You punch the scorpion, but do no damage.
The scorpion is heavily wounded.
You feel sick. The scorpion closely misses you.
You barely miss the scorpion.
The scorpion is moderately wounded.
You feel sick. The scorpion closely misses you.
You completely miss the scorpion.
The scorpion is moderately wounded.
You feel sick.
The scorpion stings you but does no damage.
You hit the scorpion but do no damage.
The scorpion is moderately wounded.
You feel sick. The scorpion stings you.
* * * LOW HITPOINT WARNING * * *
The scorpion stings you but does no damage.
You barely miss the scorpion.
The scorpion is moderately wounded.
You feel sick. The scorpion stings you!
You die...

##.## #..# #.#
##.# #.##.#####.#
#.##.......#
#.########.# #.#
#.# ###.# #.#
####...########.#
#......@s.#.....#
#.##.####.#.....#
#.##.# #.#..####
#.##.# #.#..#
#.##.# #.#..#####
#.##.# #........#
#.##.# ###..###.#
#.##.# #..#
#.###### #....#
#..# #.##...#


You could see a scorpion.

Vanquished Creatures
  An adder (D:2)
  An endoplasm (D:2)
  2 giant cockroaches (D:1)
  A goblin (D:1)
  4 hobgoblins (D:1)
  2 jackals (D:2)
  4 quokkas
  2 ball pythons (D:1)
  5 rats
22 creatures vanquished.

Notes
Turn   | Place    | Note
-------+----------+-------------------------------------------
     0 | D:1      | avis the Hill Orc Monk began the quest for the Orb.
     0 | D:1      | Reached XP level 1. HP: 19/19 MP: 1/1
    60 | D:1      | Reached XP level 2. HP: 19/27 MP: 2/2
   930 | D:2      | Reached skill level 5 in Axes
   930 | D:2      | Reached XP level 3. HP: 17/33 MP: 3/3
  1161 | D:2      | Found a blossoming altar of Fedhas.
  1436 | D:2      | Noticed a scorpion
  1447 | D:2      | Slain by a scorpion

Illustrated notes

Levels and vault maps discovered:
D:1:      saegor_arrival_simple_a, layout_rooms, minivault_4
D:2:      layout_loops_ring, basic_altar, uniq_terence

Skill      XL: |  1  2 |
---------------+-------+-----
Axes           | 5 |  5.2
Fighting       | |  3.8
Dodging        | |  2.5
Stealth        | |  1.8

Action                   || total
-------------------------++-------
Melee: Hand axe          ||    96
       Punch             ||     1
  Use: Potion            ||     2
 Stab: Sleeping          ||     2
Armor: Robe              ||    19
       Scale mail        ||     6
Dodge: Dodged            ||    49

Table legend: (Time is in decaauts)
 A = Elapsed time spent in this place.
 B = Non-inter-level travel time spent in this place.
 C = Inter-level travel time spent in this place.
 D = Time resting spent in this place.
 E = Time spent auto-exploring this place.
 F = Levels seen in this place.
 G = Mean time per level.
                   A        B        C        D        E       F      G
               +--------+--------+--------+--------+--------+-----+--------+
         Total |   1456 |   1418 |     38 |    584 |    480 |   2 |  728.0 |
       Dungeon |   1456 |   1418 |     38 |    584 |    480 |   2 |  728.0 |
               +--------+--------+--------+--------+--------+-----+--------+

Top non-repeatable levels by time:
     D:1: 846 daAuts
     D:2: 610 daAuts
